 Dungeon Crawl Stone Soup version 0.21-a0-179-gd2bfb5f (webtiles) character file.

56 namelastname112 the Caller (level 3, -2/28 HPs)
             Began as a Draconian Summoner on Aug 10, 2017.
             Slain by Natasha (4 damage)
             ... on level 2 of the Dungeon.
             The game lasted 00:02:49 (1473 turns).

namelastname112 the Caller (Draconian Summoner)     Turns: 1473, Time: 00:02:49

Health: -2/28      AC:  5    Str: 10    XL:     3   Next: 69%
Magic:  0/6        EV: 12    Int: 16    God:
Gold:   52         SH:  0    Dex: 11    Spells: 3/6 levels left

rFire    . . .     SeeInvis .   d - +1 dagger
rCold    . . .     Gourm    .   (no shield)
rNeg     . . .     Faith    .   (armour unavailable)
rPois    .         Spirit   .   (helmet restricted)
rElec    .         Reflect  .   (no cloak)
rCorr    +         Harm     .   (no gloves)
MR       .....                  (no boots)
Stlth    ++........             (no amulet)
HPRegen  0.09/turn              k - ring of resist corrosion
MPRegen  0.10/turn              (no ring)

@: slowed, very slow
A: unfitting armour, cold-blooded, AC +5
a: no special abilities


You were on level 2 of the Dungeon.
You were very hungry.

You visited 1 branch of the dungeon, and saw 3 of its levels.

You collected 52 gold pieces.

Inventory:

Hand Weapons
 d - a +1 dagger (weapon)
Jewellery
 k - a ring of resist corrosion (left hand)
Scrolls
 e - a scroll of magic mapping {unknown}
 g - a scroll of recharging {unknown}
 j - 2 scrolls of amnesia {unknown}
 n - a scroll of identify {unknown}
 o - a scroll of teleportation {unknown}
Potions
 h - a potion of might {unknown}
 i - a potion of mutation {unknown}
 m - a potion of resistance {unknown}
Books
 a - a book of Callings

   Spells                             Type                      Level
   a - Summon Small Mammal            Summoning                    1
   b - Call Imp                       Summoning                    2
   c - Call Canine Familiar           Summoning                    3
   d - Summon Guardian Golem          Hexes/Summoning              3
   e - Summon Lightning Spire         Summoning/Air                4
   f - Summon Ice Beast               Ice/Summoning                4
Comestibles
 b - 3 bread rations
 f - a royal jelly


   Skills:
 + Level 1.4 Fighting
 + Level 2.4 Dodging
 - Level 1.7 Stealth
 + Level 2.3 Spellcasting
 * Level 4.5 Summonings


You had 3 spell levels left.
You knew the following spells:

 Your Spells              Type           Power        Failure   Level  Hunger
a - Summon Small Mammal   Summ           ###.         3%          1    #......
z - Call Imp              Summ           ###.....     4%          2    ###....


Dungeon Overview and Level Annotations

Branches:
Dungeon (3/15)

Altars:

Annotations:
D:2 Natasha


Innate Abilities, Weirdness & Mutations

Your plain brown scales are hard. (AC +5)
You cannot fit into any form of body armour.
You are cold-blooded and may be slowed by cold attacks.


Message History

You swap places.
Natasha claws your white imp.
Your crimson imp blinks!
Your white imp closely misses Natasha.
Natasha claws your white imp.
Your crimson imp blinks!
Your white imp gestures at Natasha.
The puff of frost hits Natasha.
Natasha claws your white imp.
Your white imp dies!
Casting: Call Imp
Confirm with . or Enter, or press ? or * to list all spells.
A shadowy apparition takes form in the air.
Natasha hisses angrily.
You are feeling very hungry.
Natasha casts a spell at you. The magic dart hits you!
* * * LOW HITPOINT WARNING * * *
You take 5 damage, and have 2/28 hp.
You now have 0/6 mp.
Your crimson imp barely misses Natasha.
Your crimson imp closely misses Natasha.
Natasha claws you.
You die...

.........>..###(# #5
.#..#.......# #.# #5
#..#.......#
#5#######†
#.....)#####
#§........ ######'##
######.#### ##...##
#.......# ##.....##
#.####..#
##.......###.##.#[.#
#....@h...##.#..>..#
..'....5.5..'...÷....#
###.........##.#...#.#
##.......###÷#..##.#
##.....## #.......#
##...## ###.#####
##+## #....# ####.#
#.#


You could see Natasha, a friendly crimson imp and a friendly shadow imp.

Vanquished Creatures
  2 dart slugs (D:1)
  A leopard gecko (D:2)
  2 goblins (D:1)
  3 hobgoblins
  A kobold (D:1)
  2 bats
  3 frilled lizards
  2 rats
16 creatures vanquished.

Vanquished Creatures (collateral kills)
  Natasha (D:2)
  An adder (D:2)
  A bat (D:1)
  A giant cockroach (D:1)
  2 goblins
  2 hobgoblins (D:1)
  3 kobolds (D:1)
  3 rats
14 creatures vanquished.

Grand Total: 30 creatures vanquished

Notes
Turn   | Place    | Note
-------+----------+-------------------------------------------
     0 | D:1      | namelastname112 the Draconian Summoner began the quest for the Orb.
     0 | D:1      | Reached XP level 1. HP: 14/14 MP: 3/3
   362 | D:1      | Reached XP level 2. HP: 13/22 MP: 5/5
   371 | D:1      | Learned a level 2 spell: Call Imp
   552 | D:1      | Reached skill level 1 in Fighting
   822 | D:2      | Noticed Natasha
   845 | D:2      | Killed Natasha
   845 | D:2      | Reached XP level 3. HP: 8/28 MP: 0/6
  1313 | D:2      | Noticed Natasha
  1473 | D:2      | Slain by Natasha

Vault maps used:
D:1:      moated_graveyard_arrival, minmay_ruptured
D:2:      minmay_misc_feat_iff, roderic_lattice_a, uniq_natasha
D:3:      first_bread, makhleb_blood_cavern_becter

Skill      XL: |  1  2 |
---------------+-------+-----
Dodging        | 2 |  2.4
Fighting       | 1 |  1.4
Stealth        | |  1.7
Spellcasting   | |  2.3
Summonings     | |  4.5

Action                   || total
-------------------------++-------
Melee: Dagger            ||    81
       Unarmed           ||     7
       Tailslap          ||    10
 Cast: Summon Small Mamm ||     6
       Call Imp          ||    15
  Use: Potion            ||     2
       Scroll            ||     1
 Stab: Sleeping          ||     2
  Eat: Chunk             ||     2
Armor: Skin              ||    19
Dodge: Dodged            ||    63
